 Dungeon Crawl Stone Soup version 0.28.0 (webtiles) character file.

Game seed: 17826510479380140936

158 Deca the Skirmisher (level 5, -1/47 HPs)
             Began as a Draconian Berserker on Feb 14, 2022.
             Was a Believer of Trog.
             Slain by a scorpion (3 damage)
             ... on level 4 of the Dungeon.
             The game lasted 00:06:46 (4028 turns).

Deca the Skirmisher (Draconian Berserker)           Turns: 4028, Time: 00:06:46

Health: -1/47      AC:  6    Str: 21    XL:     5   Next: 16%
Magic:  5/5        EV: 12    Int:  8    God:    Trog [**....]
Gold:   93         SH:  0    Dex: 10    Spells: 4/4 levels left

rFire   . . .      SeeInvis .   a - +0 short sword
rCold   . . .      Faith    .   (no shield)
rNeg    . . .      Spirit   .   (armour unavailable)
rPois   .          Reflect  .   (helmet restricted)
rElec   .          Harm     .   (no cloak)
rCorr   .          Rampage  .   k - +0 pair of gloves
Will    .....                   (no boots)
Stlth   +.........              (no amulet)
HPRegen 0.15/turn               (no ring)
MPRegen 0.09/turn               (no ring)

@: lethally poisoned (-1 -> -7)
A: AC +5, unfitting armour, cold-blooded
a: Renounce Religion, Berserk, Trog's Hand


You were on level 4 of the Dungeon.
You worshipped Trog.
Trog was pleased with you.
You visited 1 branch of the dungeon, and saw 4 of its levels.

You collected 93 gold pieces.

Inventory:

Hand Weapons
 a - a +0 short sword (weapon)
Armour
 k - a +0 pair of gloves (worn)
Jewellery
 i - a +4 ring of slaying
 m - a ring of flight
Scrolls
 c - a scroll of magic mapping {unknown}
 d - 3 scrolls of enchant armour {unknown}
 f - 2 scrolls of amnesia {unknown}
 l - 3 scrolls of identify {unknown}
Potions
 b - 2 potions of curing {unknown}
 e - a potion of cancellation {unknown}
 g - a potion of flight {unknown}
 h - a potion of heal wounds {unknown}
 j - a potion of haste {unknown}
 n - 2 potions of attraction {unknown}


   Skills:
 + Level 4.5 Fighting
 + Level 4.1 Short Blades
 + Level 3.8 Dodging


You had 4 spell levels left.
You didn't know any spells.
Your spell library contained the following spells:

 Spells                   Type           Power      Damage    Failure   Level
 Freeze                   Ice            0%         1d3       41%         1
 Ensorcelled Hibernation  Hex/Ice        0%         N/A       54%         2
 Passwall                 Tmut/Erth      0%         N/A       54%         2
 Frozen Ramparts          Ice            0%         1d2       78%         3
 Swiftness                Air            0%         N/A       78%         3
 Hailstorm                Conj/Ice       0%         3d3       99%         4


Dungeon Overview and Level Annotations

Branches:
Dungeon (4/15)
 Temple: D:4-7

Altars:
Cheibriados
Kikubaaqudgha
Okawaru
Vehumet

Shops:
D:2 !


Innate Abilities, Weirdness & Mutations

Your plain brown scales are hard. (AC +5)
You cannot fit into any form of body armour.
You are cold-blooded and may be slowed by cold attacks.


Message History

You punch the scorpion, but do no damage.
The scorpion is lightly wounded.
The scorpion barely misses you.
You hit the scorpion but do no damage.
The scorpion is lightly wounded.
The scorpion stings you!
You are poisoned.
The scorpion poisons you!
You hit the scorpion.
The scorpion is moderately wounded.
You feel very sick. The scorpion stings you.
You are more poisoned.
The scorpion poisons you!
You hit the scorpion.
The scorpion is moderately wounded.
You feel very sick. The scorpion stings you.
You barely miss the scorpion.
Your tail-slap misses the scorpion.
The scorpion is moderately wounded.
You feel very sick. The scorpion stings you.
You are too injured to fight recklessly!
You hit the scorpion.
The scorpion is moderately wounded.
* * * LOW HITPOINT WARNING * * *
You feel very sick.
The scorpion stings you but does no damage.
You hit the scorpion.
The scorpion is severely wounded.
You feel sick. The scorpion barely misses you.
You closely miss the scorpion.
The scorpion is severely wounded.
You feel sick. The scorpion closely misses you.
You hit the scorpion.
The scorpion is almost dead.
You feel sick. The scorpion stings you!
* * * LOW HITPOINT WARNING * * *
The scorpion stings you.
You die...

...... #.....
...... #....# #)..
###### +....+
#....#....# #....#
#....#....# #....#
#....#....+ #....#
#....###..# +.s..#
#....#..# #.@..#
#....#... #....#
#....'... #....+
#....#### #....#
#........ #....#
#........ #....#...
#........ #....#...
#........ #....#..#
#........
#....#..###########


You could see a scorpion.

Vanquished Creatures
  A water moccasin zombie (D:3)
  3 adders (D:2)
  An ufetubus (D:3)
  2 worms
  3 dart slugs (D:1)
  4 ball pythons
  3 bats (D:1)
  7 endoplasms
  2 giant cockroaches
  5 goblins
  3 hobgoblins
  8 kobolds
  2 quokkas
  4 frilled lizards
  11 rats
59 creatures vanquished.

Notes
Turn   | Place    | Note
-------+----------+-------------------------------------------
     0 | D:1      | Deca the Draconian Berserker began the quest for the Orb.
     0 | D:1      | Reached XP level 1. HP: 19/19 MP: 1/1
   672 | D:1      | Reached XP level 2. HP: 26/26 MP: 2/2
   682 | D:1      | Found a faded altar of an unknown god.
  1376 | D:1      | Reached XP level 3. HP: 29/33 MP: 3/3
  2254 | D:2      | Reached ** piety under Trog
  2446 | D:2      | Reached XP level 4. HP: 39/40 MP: 4/4
  2846 | D:2      | Found Yrasang's Distillery.
  3277 | D:3      | Reached XP level 5. HP: 27/47 MP: 5/5
  3616 | D:3      | Found a snail-covered altar of Cheibriados.
  3616 | D:3      | Found an ancient bone altar of Kikubaaqudgha.
  3616 | D:3      | Found an iron altar of Okawaru.
  3621 | D:3      | Found a radiant altar of Vehumet.
  4028 | D:4      | HP: 2/47 [scorpion (7)]
  4028 | D:4      | Slain by a scorpion

Illustrated notes

Levels and vault maps discovered:
D:1:      dpeg_arrival_water_temple_mockup, layout_loops_ring,
          chequers_ecumenical_altar_island, glass_columns_b,
          chequers_serial_rivers_micro_d
D:2:      layout_basic, serial_shops, nicolae_shop_trees
D:3:      layout_loops_ring, minitemple
D:4:      layout_gridville, serial_glass, glass_columns_a, glass_columns_a,
          glass_columns_b, glass_columns_c, glass_columns_b, glass_columns_a,
          minmay_misc_feat_plants

Skill      XL: |  1  2  3  4 |
---------------+-------------+-----
Dodging        | 3 |  3.8
Fighting       | 4 |  4.5
Short Blades   | 4 |  4.1

Action                   |  1- 3 |  4- 6 || total
-------------------------+-------+-------++-------
Melee: Short sword       |   156 |    80 ||   236
       Tailslap          |    14 |     8 ||    22
       Punch             |       |     2 ||     2
 Stab: Sleeping          |       |     1 ||     1
Armor: Skin              |    35 |    23 ||    58
Dodge: Dodged            |    90 |    59 ||   149
